 Dungeon Crawl Stone Soup version 0.26-a0-712-ga5a9c9c9d0 (webtiles) character file.

Game seed: 6969236519739418196

436 kae the Changer (level 7, -6/57 HPs)
             Began as a Naga Transmuter on Nov 4, 2020.
             Was a Believer of Cheibriados.
             Mangled by a bog mummy (7 damage)
             ... in an ossuary.
             The game lasted 00:02:30 (4228 turns).

kae the Changer (Naga Transmuter)                   Turns: 4228, Time: 00:02:31

Health: -6/57      AC:  3    Str: 18    XL:     7   Next: 1%
Magic:  6/10       EV: 10    Int: 18    God:    Cheibriados [**....]
Gold:   179        SH:  0    Dex: 15    Spells: 7/11 levels left

rFire    . . .     SeeInvis +     - Unarmed
rCold    . . .     Faith    .   (no shield)
rNeg     . . .     Spirit   .   a - +0 robe
rPois    +         Reflect  .   (no helmet)
rElec    .         Harm     .   (no cloak)
rCorr    .         Rampage  .   (no gloves)
MR       .....                  (no barding)
Stlth    +.........             (no amulet)
HPRegen  0.19/turn              (no ring)
MPRegen  0.12/turn              (no ring)

@: mighty, invisible, very slow
A: large, see invisible, deformed body, poison resistance, slowness 2, spit
poison 1, AC +2
a: Spit Poison, Bend Time, Renounce Religion


You were in an ossuary.
You worshipped Cheibriados.
Cheibriados was pleased with you.
You visited 1 branch of the dungeon, and saw 4 of its levels.
You also visited: Ossuary.

You collected 179 gold pieces.

Inventory:

Armour
 a - a +0 robe (worn)
Jewellery
 e - an uncursed amulet of magic regeneration {unknown}
Scrolls
 c - a scroll of fear
 j - a scroll of enchant weapon {unknown}
 k - a scroll of blinking {unknown}
 l - 2 scrolls of amnesia
 m - 2 scrolls of identify
Potions
 b - a potion of berserk rage
 d - a potion of degeneration
 f - a potion of cancellation
 i - a potion of mutation {unknown}


   Skills:
 - Level 1.0 Fighting
 - Level 1.5 Dodging
 + Level 4.6 Unarmed Combat
 + Level 2.6 Spellcasting
 * Level 5.4 Transmutations
 - Level 3.0 Poison Magic


You had 7 spell levels left.
You knew the following spells:

 Your Spells              Type           Power        Failure   Level
a - Beastly Appendage     Tmut           ###...       1%          1
b - Spider Form           Tmut/Pois      ###.......   9%          3

Your spell library contained the following spells:

 Spells                   Type           Power        Failure   Level
 Wereblood                Tmut           ###.....     2%          2
 Blade Hands              Tmut           ###.......   45%         5
 Ice Form                 Ice/Tmut       ##......     50%         4


Dungeon Overview and Level Annotations

Branches:
Dungeon (4/15)            Ossuary (1/1)
 Temple: D:4-7

Altars:
Cheibriados
Yredelemnul


Innate Abilities, Weirdness & Mutations

You cannot wear boots.
Your serpentine skin is tough. (AC +2)
You have supernaturally acute eyesight. (SInv)
Armour fits poorly on your strangely shaped body.
Your system is resistant to poisons. (rPois)
You cover ground very slowly.
You can spit poison.


Message History

You hit the bog mummy.
The bog mummy is moderately damaged.
You bite the bog mummy!
The bog mummy is almost destroyed.
You bite the bog mummy!
You destroy the bog mummy!
You have reached level 7!
You bite the bog mummy!
The bog mummy is heavily damaged.
Your transformation has ended.
Your +0 robe unmelds from your body.
You barely miss the bog mummy.
The bog mummy is heavily damaged.
The bog mummy hits you!
* * * LOW HITPOINT WARNING * * *
It was a potion of invisibility.
You fade into invisibility!
A bog mummy comes into view.
The bog mummy hits you!
You die...

#≈≈ ≈#≈ #≈.
# ##≈.
#≈##...
#≈≈≈#≈M#####
#P≈.#...#
#≈≈M.∩.#
#.≈.#@.∩#
#≈#≈≈#####
#≈M.≈ ####Z
'. #. '.


You could see 2 bog mummies.

Vanquished Creatures
  An ogre (D:3)
  A bullfrog zombie (Ossuary)
  An orc wizard (D:3)
  A hound zombie (Ossuary)
  7 mummies
  A worker ant zombie (Ossuary)
  An adder (D:2)
  3 gnolls (D:3)
  A worm (D:3)
  5 dart slugs
  2 leopard geckos (D:1)
  4 orcs (D:3)
  2 ball pythons
  4 giant cockroaches
  9 goblins
  8 hobgoblins
  3 kobolds
  2 quokkas
  7 bats
  4 frilled lizards
  7 rats
74 creatures vanquished.

Vanquished Creatures (others)
  6 withered plants (Ossuary)
6 creatures vanquished.

Grand Total: 80 creatures vanquished

Notes
Turn   | Place    | Note
-------+----------+-------------------------------------------
     0 | D:1      | kae the Naga Transmuter began the quest for the Orb.
     0 | D:1      | Reached XP level 1. HP: 18/18 MP: 3/3
   300 | D:1      | Reached XP level 2. HP: 25/25 MP: 3/5
  1018 | D:1      | Reached skill level 3 in Transmutations
  1018 | D:1      | Reached XP level 3. HP: 28/31 MP: 4/6
  1025 | D:1      | Learned a level 3 spell: Spider Form
  1460 | D:2      | Found a snail-covered altar of Cheibriados.
  1467 | D:2      | Became a worshipper of Cheibriados the Contemplative
  1581 | D:2      | Reached skill level 1 in Poison Magic
  1963 | D:2      | Reached * piety under Cheibriados
  1963 | D:2      | Reached XP level 4. HP: 24/38 MP: 5/7
  2613 | D:3      | Found a basalt altar of Yredelemnul.
  3175 | D:3      | Reached XP level 5. HP: 36/44 MP: 6/8
  3443 | D:3      | Reached ** piety under Cheibriados
  3445 | D:3      | Reached skill level 4 in Transmutations
  3622 | D:3      | Noticed an ogre
  3630 | D:3      | Killed an ogre
  3630 | D:3      | Reached XP level 6. HP: 32/51 MP: 5/9
  4068 | D:4      | Found a sand-covered staircase.
  4097 | Ossuary  | Entered an ossuary
  4151 | Ossuary  | Reached skill level 5 in Transmutations
  4225 | Ossuary  | Reached XP level 7. HP: 12/57 MP: 5/10
  4227 | Ossuary  | HP: 1/57 [bog mummy (12)]
  4228 | Ossuary  | Mangled by a bog mummy

Illustrated notes

Levels and vault maps discovered:
D:1:      minmay_arrival_plants_in_alcoves, layout_basic,
          corexii_item_surrounded_by_moat
D:2:      minmay_diamond_boxcup, layout_basic, kennysheep_slug_shrine,
          chequers_mini_garden
D:3:      layout_basic, yredelemnul_altar_generic
D:4:      layout_loops_corners, grunt_temple_overflow_cloverleaf,
          nicolae_temple_entry_ecumenical, serial_shops, shop_coins,
          gup_ossuary_entry_pyramid, uniq_natasha
Ossuary:  ossuary_zaba_flooded

Skill      XL: |  1  2  3  4  5  6 |
---------------+-------------------+-----
Transmutations | 3 4 5 |  5.4
Poison Magic   | 1 2 3 |  3.0
Unarmed Combat | 4 |  4.6
Fighting       | |  1.0
Dodging        | |  1.5
Spellcasting   | |  2.6

Action                   |  1- 3 |  4- 6 |  7- 9 || total
-------------------------+-------+-------+-------++-------
Melee: Unarmed           |    73 |   109 |     2 ||   184
       Headbutt          |    13 |     4 |       ||    17
       Punch             |     1 |     3 |       ||     4
 Cast: Beastly Appendage |    25 |    13 |       ||    38
       Spider Form       |       |     7 |       ||     7
 Abil: Spit Poison       |    23 |    12 |       ||    35
  Use: Scroll            |     4 |     2 |       ||     6
       Potion            |       |     1 |     1 ||     2
Armor: Robe              |    24 |    10 |       ||    34
       Skin              |       |     2 |       ||     2
Dodge: Dodged            |    60 |    53 |       ||   113

Table legend: (Time is in decaauts)
 A = Elapsed time spent in this place.
 B = Non-inter-level travel time spent in this place.
 C = Inter-level travel time spent in this place.
 D = Time resting spent in this place.
 E = Time spent auto-exploring this place.
 F = Levels seen in this place.
 G = Mean time per level.
                   A        B        C        D        E       F      G
               +--------+--------+--------+--------+--------+-----+--------+
         Total |   5655 |   5459 |    196 |    356 |   4537 |   5 | 1131.0 |
       Dungeon |   5526 |   5330 |    196 |    294 |   4537 |   4 | 1381.5 |
       Ossuary |    128 |    128 |      0 |     62 |      0 |   1 |  128.0 |
               +--------+--------+--------+--------+--------+-----+--------+

Top non-repeatable levels by time:
     D:3: 2117 daAuts
     D:1: 1510 daAuts
     D:2: 1316 daAuts
     D:4: 581 daAuts
 Ossuary: 128 daAuts
